 Dungeon Crawl Stone Soup version 0.27.1-35-g4d5d836560 (webtiles) character file.

Game seed: 9456738521958660338

381 CrazyMind the Sneak (level 6, -1/36 HPs)
             Began as an Octopode Earth Elementalist on July 9, 2022.
             Slain by Pikel (12 damage)
             ... on level 4 of the Dungeon.
             The game lasted 00:15:13 (4182 turns).

CrazyMind the Sneak (Octopode Earth Elementalist)   Turns: 4182, Time: 00:15:14

Health: -1/36      AC:  1    Str:  8    XL:     6   Next: 75%
Magic:  1/10       EV: 13    Int: 19    God:
Gold:   255        SH:  0    Dex: 12    Spells: 0/10 levels left

rFire    . . .     SeeInvis .   d - +2 dagger (drain)
rCold    . . .     Faith    .   (no shield)
rNeg     . . .     Spirit   .   (helmet restricted)
rPois    .         Reflect  .   (no amulet)
rElec    .         Harm     .   m - ring of wizardry
rCorr    .         Rampage  .   (no ring)
Will     .....                  (no ring)
Stlth    ++++......             (no ring)
HPRegen  0.12/turn              (no ring)
MPRegen  0.12/turn              (no ring)
                                (no ring)
                                (no ring)

@: no status effects
A: almost no armour, amphibious, 8 rings, camouflage 1, gelatinous body 1,
(nimble swimmer 1), tentacles
a: no special abilities


You were on level 4 of the Dungeon.
You visited 1 branch of the dungeon, and saw 4 of its levels.

You collected 255 gold pieces.

Inventory:

Hand Weapons
 d - a +2 dagger of draining (weapon)
Missiles
 b - 112 stones
 c - 13 poisoned darts (quivered)
Jewellery
 m - a ring of wizardry (left tentacle)
Wands
 n - a wand of charming (2)
Scrolls
 a - 2 scrolls of summoning {unknown}
 e - 4 scrolls of fog {unknown}
 f - a scroll of noise {unknown}
 g - 2 scrolls of identify
 h - a scroll of enchant weapon {unknown}
 i - a scroll of torment {unknown}
 l - a scroll of vulnerability {unknown}
 p - a scroll of teleportation {unknown}
Potions
 j - a potion of brilliance
 k - a potion of berserk rage
 o - a potion of curing


   Skills:
 + Level 0.3 Fighting
 + Level 2.8 Dodging
 + Level 5.7 Stealth
 + Level 2.8 Spellcasting
 + Level 0.3 Conjurations
 - Level 1.0 Transmutations
 * Level 5.5 Earth Magic


You couldn't memorise any spells.
You knew the following spells:

 Your Spells              Type           Power      Damage    Failure   Level
a - Sandblast             Erth           46%        2d11      1%          1
b - Passwall              Tmut/Erth      12%        N/A       2%          2
c - Stone Arrow           Conj/Erth      26%        3d8       6%          3
d - Petrify               Tmut/Erth      15%        N/A       16%         4

Your spell library contained the following spells:

 Spells                   Type           Power      Damage    Failure   Level


Dungeon Overview and Level Annotations

Branches:
Dungeon (4/15)
 Temple: D:4-7

Altars:

Shops:
D:2 :

Annotations:
D:3 Sigmund, Terence
D:4 exclusions: gnoll shaman, lemure and scorpion, Pikel


Innate Abilities, Weirdness & Mutations

You cannot wear most types of armour.
You are amphibious.
You can wear up to eight rings at the same time.
Your skin changes colour to match your surroundings (Stealth+).
Your rubbery body absorbs attacks. (AC +1, EV +1)
((You are camouflaged near water. (Stealth+)))
You have tentacles for arms and can constrict up to eight enemies at once.


Message History

Pikel burns you.
Casting: Stone Arrow (dangerous; 6% risk of failure)
Confirm with . or Enter, or press ? or * to list all spells.
Aiming: Sandblast (safe; 1% risk of failure)
Press: ? - help, Shift-Dir - straight line, f/p - Pikel
Aim: Pikel, wielding a +0 whip of flaming and wearing a +0 robe (severely wounded, 76% to hit)
Okay, then.
Unknown command.
Press: ? - help, v - describe, . - travel, g - get item
Here: Pikel, wielding a +0 whip of flaming and wearing a +0 robe (severely wounded) Item here: a +0 club.
The floor.
Unknown command.
You closely miss Pikel. You grab Pikel.
Pikel is severely wounded.
You constrict Pikel, but do no damage. Pikel barely misses you.
You completely miss Pikel.
Pikel is severely wounded.
You constrict Pikel. Pikel misses you.
You hit Pikel. You squeeze Pikel, but do no damage.
Pikel is almost dead.
You constrict Pikel, but do no damage.
Pikel hits you with a +0 whip of flaming!
Pikel burns you.
Casting: Sandblast (safe; 1% risk of failure)
Confirm with . or Enter, or press ? or * to list all spells.
Aiming: Sandblast (safe; 1% risk of failure)
Press: ? - help, Shift-Dir - straight line, f/p - Pikel
Aim: Pikel, wielding a +0 whip of flaming and wearing a +0 robe (almost dead, constricted by you, 100% to hit)
The blast of sand hits Pikel but does no damage.
Pikel is almost dead.
b - 112 stones You constrict Pikel, but do no damage.
Pikel hits you with a +0 whip of flaming!
* * * LOW HITPOINT WARNING * * *
Pikel burns you.
* * * LOW HITPOINT WARNING * * *
It was a potion of curing.
You feel better.
You constrict Pikel.
Pikel hits you with a +0 whip of flaming!
You die...

#......# #...# #.# #.#.##.# #.###
#.# #.#.##.# #.# ##'## #.#.##.#
#.# ##...## ##.#.##.# #.#
##.....## ##.......# ##.##
##.......##
##.(......######...####.........#
.....###..............'.........+
##...# #.#######@..####.........#
##..###.# ##K## ##.......##
##.....# ######5#### ##.....##
##.#### #.....5...# ##...## #.#
#.####.##.# ##+## #.# #.###..##.#
#.# #.# #.#.>.....# #.# #####.#
#.#.#.###.# #.# ......#
#.<.......# ...


You could see Pikel and 2 lemures.

Vanquished Creatures
  A lemure (D:4)
  A scorpion (D:4)
  A howler monkey (D:4)
  A bullfrog skeleton (D:4)
  Ijyb (D:4)
  Natasha (thrice) (D:2)
  7 adders
  An ufetubus (D:4)
  2 worms
  A dart slug (D:1)
  9 orcs
  8 ball pythons
  3 bats
  6 endoplasms
  4 giant cockroaches
  6 goblins
  4 hobgoblins
  7 quokkas
  3 frilled lizards
  5 kobolds
  6 rats
80 creatures vanquished.

Notes
Turn   | Place    | Note
-------+----------+-------------------------------------------
     0 | D:1      | CrazyMind the Octopode Earth Elementalist began the quest
                  | for the Orb.
     0 | D:1      | Reached XP level 1. HP: 11/11 MP: 3/3
   107 | D:1      | Reached XP level 2. HP: 9/17 MP: 3/5
   110 | D:1      | Learned a level 2 spell: Passwall
   749 | D:2      | Found Cora's Book Emporium.
   760 | D:2      | Reached XP level 3. HP: 20/21 MP: 6/6
   764 | D:2      | Learned a level 3 spell: Stone Arrow
   822 | D:2      | Noticed Natasha
   826 | D:2      | Killed Natasha
   879 | D:2      | Found a faded altar of an unknown god.
   886 | D:2      | Reached XP level 4. HP: 27/27 MP: 5/7
  1005 | D:2      | Noticed Natasha
  1017 | D:2      | Killed Natasha
  1366 | D:2      | Noticed Natasha
  1377 | D:2      | Killed Natasha
  1378 | D:2      | Reached XP level 5. HP: 31/31 MP: 3/8
  1503 | D:3      | Noticed Sigmund
  1650 | D:3      | Noticed Terence
  2349 | D:3      | Reached skill level 5 in Stealth
  2992 | D:4      | Noticed Ijyb
  3008 | D:4      | Killed Ijyb
  3009 | D:4      | Reached skill level 5 in Earth Magic
  3009 | D:4      | Reached XP level 6. HP: 25/36 MP: 1/9
  3241 | D:4      | Noticed Pikel
  3924 | D:4      | Learned a level 4 spell: Petrify
  4182 | D:4      | Slain by Pikel

Illustrated notes

Levels and vault maps discovered:
D:1:      minmay_arrival_checkered_box, layout_rooms,
          chequers_serial_rivers_micro_c, minmay_tree_intersection
D:2:      layout_basic, dreamdust_ecumenical_altar_grove, serial_shops,
          shop_fountains, uniq_natasha
D:3:      layout_basic, minmay_misc_feat_tiny, chequers_serial_rivers_small_b,
          minmay_starry_boxes, uniq_terence, uniq_sigmund
D:4:      layout_loops_corners, uniq_ijyb, uniq_pikel

Skill      XL: |  1  2  3  4  5 |
---------------+----------------+-----
Stealth        | 3 4 5 |  5.7
Earth Magic    | 4 5 |  5.5
Fighting       | |  0.3
Dodging        | |  2.8
Spellcasting   | |  2.8
Conjurations   | |  0.3
Transmutations | |  1.0

Action                   |  1- 3 |  4- 6 || total
-------------------------+-------+-------++-------
Melee: Dagger            |    36 |    80 ||   116
       Constrict         |    12 |    18 ||    30
       Quarterstaff      |     3 |       ||     3
       Tentacles         |     4 |    10 ||    14
Throw: Dart              |       |     2 ||     2
 Cast: Sandblast         |     5 |    32 ||    37
       Stone Arrow       |       |    12 ||    12
  Use: Potion            |       |     2 ||     2
       Scroll            |       |     1 ||     1
 Stab: Sleeping          |     6 |    20 ||    26
Armor: Skin              |     4 |     4 ||     8
Dodge: Dodged            |    19 |    51 ||    70
